[Event "Titled Tuesday Blitz October 31 Early 2023"]
[White "HeroRubiksCube"]
[Black "Sjugirov, Sanan"]
[BlackFideId "4189302"]
[WhiteElo "2500"]
[BlackElo "2958"]
[Result "1/2-1/2"]
[Round "1"]
[TimeControl "180+1"]
[Date "2023.10.31"]
[WhiteClock "0:00:18"]
[BlackClock "0:00:10"]
[Board "22"]

1. e4 c6 2. d4 d5 3. Nc3 dxe4 4. Nxe4 Nf6 5. Nxf6+ exf6 6. c3 Bd6 7. Bd3 O-O 8. Ne2 Re8 9. O-O Nd7 10. Bf4 Nf8 11. Bxd6 Qxd6 12. Qd2 Be6 13. Rfe1 Rad8 14. Qc2 Qc7 15. b3 c5 16. Rad1 Bg4 17. f3 Bc8 18. Bc4 a6 19. a4 Ng6 20. Ng3 Rxe1+ 21. Rxe1 cxd4 22. cxd4 Qb6 23. Qe4 Bd7 24. Qd3 Ne5 25. Qc3 Bc6 26. Rd1 Nxc4 27. bxc4 Bxa4 28. Rd2 Qb3 29. Ne4 f5 30. Qxb3 Bxb3 31. Nc5 Bxc4 32. Nxb7 Rb8 33. Nd6 Be6 34. d5 Bd7 35. g3 a5 36. Nc4 a4 37. Ne5 Be8 38. d6 f6 39. d7 fxe5 40. d8=Q Rxd8 41. Rxd8 Kf7 42. Ra8 Ke7 43. Kf2 g5 44. Ke3 f4+ 45. gxf4 exf4+ 46. Kd4 Bc6 47. Ra7+ Kd6 48. Ra6 h5 49. Kd3 Kc5 50. Ra5+ Bb5+ 51. Kc3 g4 52. fxg4 f3 53. Ra8 f2 54. Rc8+ Kb6 55. Rb8+ Kc5 56. Rf8 f1=Q 57. Rxf1 Bxf1 58. gxh5 Bc4 59. Kb2 Bg8 60. Ka1 Kb5 61. Kb2 Kb4 62. Ka1 a3 63. Kb1 Kb3 64. Ka1 a2 65. h6 Bh7 66. h4 Ka3 67. h5 Kb3 1/2-1/2


[Site "https://www.chess.com"]

[Event "Titled Tuesday Blitz October 31 Early 2023"]
[White "Daneshvar, Bardiya"]
[Black "Kalogeris, Ioannis"]
[WhiteFideId "12576468"]
[BlackFideId "4239563"]
[WhiteElo "2956"]
[BlackElo "2497"]
[Result "1-0"]
[Round "1"]
[TimeControl "180+1"]
[Date "2023.10.31"]
[WhiteClock "0:02:10"]
[BlackClock "0:00:00"]
[Board "23"]

1. Nf3 d6 2. e4 Nf6 3. Nc3 e5 4. d4 Nc6 5. Bb5 Bd7 6. d5 Ne7 7. Bxd7+ Qxd7 8. O-O g6 9. a4 Bg7 10. a5 a6 11. Nd2 O-O 12. Nc4 Nh5 13. Qd3 f5 14. f3 f4 15. b4 g5 16. Qe2 Ng6 17. Bd2 Nh4 18. Be1 Kh8 19. Bxh4 gxh4 20. Rfb1 Bf6 21. h3 Rg8 22. Kh2 Rg3 23. Qf2 Rag8 24. Rg1 Rxg2+ 25. Rxg2 Rg3 26. Rh1 Qxh3+ 27. Kg1 Qd7 28. Rxg3 fxg3 29. Qa7 h3 30. Ne2 h2+ 31. Kg2 Bg5 32. Qxb7 1-0


[Site "https://www.chess.com"]

[Event "Titled Tuesday Blitz October 31 Early 2023"]
[White "Shapiro, Viktor"]
[Black "Xu, Xiangyu"]
[WhiteFideId "4175700"]
[BlackFideId "8608288"]
[WhiteElo "2495"]
[BlackElo "2928"]
[Result "0-1"]
[Round "1"]
[TimeControl "180+1"]
[Date "2023.10.31"]
[WhiteClock "0:00:20"]
[BlackClock "0:00:20"]
[Board "24"]

1. Nf3 d5 2. c4 d4 3. e3 Nc6 4. exd4 Nxd4 5. Nxd4 Qxd4 6. d3 Nh6 7. Nc3 c6 8. Be3 Qd8 9. d4 Nf5 10. Be2 g6 11. Qd2 Bg7 12. Rd1 O-O 13. O-O Qa5 14. d5 Bd7 15. Bf3 Rac8 16. dxc6 Bxc6 17. Bxc6 Bxc3 18. bxc3 Rxc6 19. Qd5 Qxd5 20. cxd5 Rxc3 21. Bxa7 Ra8 22. Bd4 Rc4 23. Be5 f6 24. Bg3 Rxa2 25. d6 exd6 26. Bxd6 Rd4 27. Rxd4 Nxd4 28. Bc5 Nb3 29. Bb6 Kf7 30. h3 Ra6 31. Be3 b5 32. Rb1 Ra1 33. Rxa1 Nxa1 34. Kf1 Nc2 35. Bc1 Ke6 36. Ke2 Kd5 37. Bb2 f5 38. Kd2 Nd4 39. Kd3 Ne6 40. g3 b4 41. Bf6 Nc5+ 42. Ke3 b3 43. f3 Kc4 44. Kd2 Nd3 45. h4 h5 46. Bg7 Nc5 47. Bf6 Ne6 48. Ke3 Nc7 49. Kd2 Nb5 50. Bb2 Nd4 51. Ke3 Ne6 52. Kd2 Nc5 53. Ke3 Nd3 54. Bf6 Nb4 55. Bb2 Nd5+ 56. Kd2 f4 57. g4 Nb4 58. Bf6 Nc6 59. Bg5 Nd4 60. Bxf4 b2 0-1


[Site "https://www.chess.com"]

[Event "Titled Tuesday Blitz October 31 Early 2023"]
[White "Mikaelyan, Arman"]
[Black "Iljin, Timofey"]
[WhiteFideId "13304852"]
[BlackFideId "14110180"]
[WhiteElo "2921"]
[BlackElo "2489"]
[Result "0-1"]
[Round "1"]
[TimeControl "180+1"]
[Date "2023.10.31"]
[WhiteClock "0:00:05"]
[BlackClock "0:00:16"]
[Board "25"]

1. d4 d5 2. c4 e6 3. Nf3 Nf6 4. g3 Bb4+ 5. Bd2 Bd6 6. Nc3 O-O 7. Bg2 b6 8. O-O Bb7 9. Ne5 c6 10. e4 dxe4 11. Nxe4 Nxe4 12. Bxe4 Bxe5 13. dxe5 Nd7 14. Bc3 Nc5 15. Bc2 Qg5 16. h4 Qe7 17. b4 Rad8 18. Qb1 Nd7 19. Bxh7+ Kh8 20. Be4 Nb8 21. Rd1 c5 22. Bxb7 Qxb7 23. bxc5 Qf3 24. Qc2 Nc6 25. Rd6 bxc5 26. Rad1 Rxd6 27. exd6 e5 28. Rd5 Nd4 29. Bxd4 exd4 30. d7 Rd8 31. Re5 d3 32. Qd2 Rxd7 33. Re3 Qf5 34. Kg2 Qg4 35. Kg1 Qxc4 36. Re8+ Kh7 37. Qg5 Qd5 38. Qd2 c4 39. Re1 Qf5 40. Rc1 Qe4 41. Re1 Qd4 42. Rc1 Re7 43. Rd1 c3 44. Qxd3+ Qxd3 45. Rxd3 Re1+ 46. Kg2 c2 0-1


[Site "https://www.chess.com"]

[Event "Titled Tuesday Blitz October 31 Early 2023"]
[White "Pinero Rodriguez, Carlos Jose"]
[Black "Mahdavi, Reza"]
[WhiteFideId "3901726"]
[BlackFideId "12595926"]
[WhiteElo "2489"]
[BlackElo "2921"]
[Result "1-0"]
[Round "1"]
[TimeControl "180+1"]
[Date "2023.10.31"]
[WhiteClock "0:00:12"]
[BlackClock "0:00:03"]
[Board "26"]

1. e4 c5 2. Nf3 d6 3. d4 cxd4 4. Nxd4 Nf6 5. Nc3 a6 6. Bg5 Nbd7 7. f4 e6 8. Qe2 Qc7 9. O-O-O b5 10. g4 h6 11. Bh4 b4 12. Nd5 Qc5 13. Nb3 Qa7 14. Nxb4 Bb7 15. Bg2 a5 16. Nd3 a4 17. Nd2 a3 18. b3 Qd4 19. Bf2 Qa1+ 20. Nb1 Ba6 21. c4 Rc8 22. Nb4 Bb7 23. Bd4 Qxd4 24. Rxd4 d5 25. exd5 Bxb4 26. dxe6 Nc5 27. Bxb7 Nxb7 28. g5 hxg5 29. fxg5 Nh5 30. exf7+ Kf8 31. g6 Nf6 32. Re1 Bxe1 33. Qxe1 Nc5 34. Qe5 Nb7 35. Nc3 Rh5 36. Qf4 Rh6 37. Qg3 Rh5 38. Rh4 Rxh4 39. Qxh4 Ke7 40. Qe1+ Kf8 41. Qe5 Rd8 42. Nd5 Nxd5 43. cxd5 Nc5 44. Kd2 Nb7 45. Qc7 Rxd5+ 46. Ke3 Nd8 47. b4 Ne6 48. Qb8+ Rd8 49. Qb5 Ke7 50. Qe5 Rc8 51. b5 Rf8 52. b6 Kd7 53. Qd5+ Ke7 54. Qb7+ Kf6 55. Qa7 Kxg6 56. b7 Nc7 57. b8=Q Nd5+ 58. Kd4 Rxb8 59. Qxb8 Ne7 60. f8=Q Nc6+ 1-0


[Site "https://www.chess.com"]

[Event "Titled Tuesday Blitz October 31 Early 2023"]
[White "Erdogmus, Yagiz Kaan"]
[Black "Arutla, Aditya"]
[WhiteFideId "44599790"]
[BlackFideId "30961998"]
[WhiteElo "2915"]
[BlackElo "2489"]
[Result "0-1"]
[Round "1"]
[TimeControl "180+1"]
[Date "2023.10.31"]
[WhiteClock "0:00:20"]
[BlackClock "0:00:21"]
[Board "27"]

1. e4 c5 2. Nf3 Nc6 3. d4 cxd4 4. Nxd4 Nf6 5. Nc3 e5 6. Ndb5 d6 7. Bg5 a6 8. Bxf6 gxf6 9. Na3 b5 10. Nd5 f5 11. c3 Bg7 12. exf5 Bxf5 13. Nc2 O-O 14. a4 bxa4 15. Rxa4 a5 16. Bd3 Be6 17. Nce3 f5 18. Qh5 e4 19. Rxe4 fxe4 20. Bxe4 h6 21. Qg6 Ne5 22. Qxe6+ Kh8 23. O-O Ra7 24. f4 Qd7 25. Qxd7 Nxd7 26. Ne7 Re8 27. Ng6+ Kg8 28. Bd5+ Kh7 29. Nf5 Kxg6 30. Nxd6 Re2 31. Be4+ Kf6 32. b4 axb4 33. cxb4 Ke6 34. Bf3 Bd4+ 35. Kh1 Rf2 36. Rd1 Ra1 37. Rxa1 Bxa1 38. h3 Kxd6 39. Kh2 Rxf3 40. gxf3 Ke6 41. Kg3 Kf5 42. b5 Bd4 43. Kh4 Nf6 44. Kg3 Bb6 45. Kh4 Bc5 46. Kg3 Nh5+ 47. Kh4 Nxf4 48. Kg3 Ng6 49. f4 Nxf4 50. Kh4 Be7+ 51. Kg3 h5 52. b6 h4+ 53. Kf3 Nxh3 54. b7 Bd6 55. Kg2 Ng5 56. Kh1 Kg4 57. Kg2 h3+ 58. Kf1 Ne4 59. Kg1 Ng3 60. Kh2 Nf5+ 61. Kh1 Ng7 62. Kg1 Ne6 63. Kh1 Nc5 64. Kg1 Nxb7 0-1


[Site "https://www.chess.com"]

[Event "Titled Tuesday Blitz October 31 Early 2023"]
[White "Bilan, Danila"]
[Black "Chigaev, Maksim"]
[WhiteFideId "24161918"]
[BlackFideId "4108116"]
[WhiteElo "2487"]
[BlackElo "2914"]
[Result "0-1"]
[Round "1"]
[TimeControl "180+1"]
[Date "2023.10.31"]
[WhiteClock "0:00:00"]
[BlackClock "0:00:27"]
[Board "28"]

1. d4 d5 2. Nf3 Nf6 3. c4 e6 4. Nc3 Be7 5. Bg5 h6 6. Bh4 dxc4 7. e3 c5 8. Bxc4 cxd4 9. Qxd4 Bd7 10. O-O Nc6 11. Qd2 Qa5 12. Rfd1 Rd8 13. Bxf6 Bxf6 14. Ne4 Qxd2 15. Nxf6+ gxf6 16. Rxd2 Bc8 17. Rad1 Rxd2 18. Rxd2 Ke7 19. Kf1 Bd7 20. Ke2 Rc8 21. Bb5 a6 22. Bxc6 Bxc6 23. g3 e5 24. Nh4 Ke6 25. f3 f5 26. f4 f6 27. Nf3 Bb5+ 28. Kd1 Ba4+ 29. Ke1 Rc1+ 30. Kf2 Bb5 31. Nh4 Rh1 32. Kg2 Ra1 33. a3 Bc6+ 34. Kh3 h5 35. Ng6 Kf7 36. Nh4 Be4 37. Rf2 Ke6 38. fxe5 fxe5 39. Ng6 Kf6 40. Nh4 Kg5 41. Ng2 Rg1 42. Nh4 Re1 43. Ng2 Bxg2+ 44. Kxg2 Rxe3 45. Rc2 Rb3 46. Re2 e4 47. Kf2 h4 48. Rc2 hxg3+ 49. hxg3 Kg4 50. Rc7 Rxb2+ 51. Ke3 Rb3+ 0-1


[Site "https://www.chess.com"]

[Event "Titled Tuesday Blitz October 31 Early 2023"]
[White "Galchenko, Matvey"]
[Black "MFatigue"]
[WhiteFideId "24175480"]
[WhiteElo "2912"]
[BlackElo "2487"]
[Result "1-0"]
[Round "1"]
[TimeControl "180+1"]
[Date "2023.10.31"]
[WhiteClock "0:02:20"]
[BlackClock "0:01:27"]
[Board "29"]

1. f4 d5 2. Nf3 e6 3. g3 c5 4. Bg2 Nc6 5. O-O Nge7 6. d3 g6 7. Nc3 Bg7 8. e4 O-O 9. h3 b6 10. g4 f5 11. Qe1 Qc7 12. Qg3 a6 13. Bd2 d4 14. Nd1 e5 15. gxf5 gxf5 16. Nxe5 Nxe5 17. fxe5 Qxe5 18. Bf4 1-0


[Site "https://www.chess.com"]

[Event "Titled Tuesday Blitz October 31 Early 2023"]
[White "Avazkhonov, Alikhon"]
[Black "Ilamparthi A R"]
[WhiteFideId "14208504"]
[BlackFideId "45015775"]
[WhiteElo "2486"]
[BlackElo "2912"]
[Result "0-1"]
[Round "1"]
[TimeControl "180+1"]
[Date "2023.10.31"]
[WhiteClock "0:00:54"]
[BlackClock "0:00:57"]
[Board "30"]

1. d4 Nf6 2. c4 g6 3. Nc3 Bg7 4. e4 d6 5. Be2 O-O 6. Be3 c5 7. d5 e6 8. Nf3 exd5 9. cxd5 b5 10. e5 dxe5 11. Bxc5 Re8 12. Bxb5 Nbd7 13. Ba3 e4 14. Nd4 a6 15. Be2 Ne5 16. d6 Nd3+ 17. Kf1 Bb7 18. f3 Ng4 19. Nxe4 Ne3+ 0-1


[Site "https://www.chess.com"]

[Event "Titled Tuesday Blitz October 31 Early 2023"]
[White "Pranav Anand"]
[Black "Dudzinski, Pawel"]
[WhiteFideId "46626786"]
[BlackFideId "1117890"]
[WhiteElo "2911"]
[BlackElo "2486"]
[Result "1-0"]
[Round "1"]
[TimeControl "180+1"]
[Date "2023.10.31"]
[WhiteClock "0:01:33"]
[BlackClock "0:00:21"]
[Board "31"]

1. Nf3 g6 2. d4 f5 3. h4 Nf6 4. Nc3 Bg7 5. Bg5 d6 6. e3 h6 7. Bf4 O-O 8. Bc4+ d5 9. Bd3 Nbd7 10. h5 Nxh5 11. Nxd5 e5 12. dxe5 c6 13. Nc3 Qe7 14. Bc4+ Kh7 15. Qd6 Qxd6 16. exd6 Nxf4 17. exf4 Re8+ 18. Kf1 Bxc3 19. bxc3 Nb6 20. Bf7 Rd8 21. Rd1 Kg7 22. Ne5 Nd7 23. Bb3 h5 24. Rh3 Kf6 25. Re3 Nc5 26. Nf7 Rf8 27. Ng5 Bd7 28. Nh7+ Kg7 29. Re7+ Kh6 30. Ng5 Rh8 31. Nf7+ Kg7 32. Ne5+ 1-0


[Site "https://www.chess.com"]

[Event "Titled Tuesday Blitz October 31 Early 2023"]
[White "Shuvalov, Evgenij"]
[Black "Bharath Subramaniyam H"]
[WhiteFideId "4187237"]
[BlackFideId "46634827"]
[WhiteElo "2483"]
[BlackElo "2907"]
[Result "0-1"]
[Round "1"]
[TimeControl "180+1"]
[Date "2023.10.31"]
[WhiteClock "0:00:03"]
[BlackClock "0:00:38"]
[Board "32"]

1. e4 e6 2. d4 d5 3. e5 c5 4. c3 Nc6 5. Nf3 Qb6 6. a3 Bd7 7. Bd3 cxd4 8. O-O Rc8 9. Re1 Nge7 10. b4 a6 11. Bb2 dxc3 12. Nxc3 Ng6 13. h4 Nf4 14. Bf1 Be7 15. Qd2 Ng6 16. h5 Nh4 17. Nxh4 Bxh4 18. h6 O-O 19. hxg7 Rfe8 20. Bd3 Ne7 21. Re3 Bg5 22. Bxh7+ Kxh7 23. Rh3+ Kg6 24. Qd3+ Nf5 25. Qf3 Kxg7 26. Qh5 Bh6 27. Nxd5 Qc6 28. Nf6 Rh8 29. Rd1 Be8 30. Qxf5 exf5 31. e6 fxe6 32. Nxe8+ Kf8 33. Bxh8 Kxe8 34. Rxh6 Rd8 35. Re1 Kd7 36. Bf6 Re8 37. Rh7+ Kc8 38. Bg5 Kb8 39. Rc1 Qd5 40. Rcc7 Rc8 41. Bf4 Rxc7 42. Rxc7 e5 0-1


[Site "https://www.chess.com"]

[Event "Titled Tuesday Blitz October 31 Early 2023"]
[White "Rustemov, Alexander"]
[Black "Cervantes Landeiro, Thalia"]
[WhiteFideId "4119002"]
[BlackFideId "3520498"]
[WhiteElo "2904"]
[BlackElo "2482"]
[Result "1-0"]
[Round "1"]
[TimeControl "180+1"]
[Date "2023.10.31"]
[WhiteClock "0:00:59"]
[BlackClock "0:00:20"]
[Board "33"]

1. d4 Nf6 2. c4 g6 3. Nf3 Bg7 4. g3 d5 5. cxd5 Nxd5 6. Bg2 Nb6 7. O-O Nc6 8. e3 e5 9. Nc3 exd4 10. exd4 O-O 11. Bg5 Bf6 12. Bxf6 Qxf6 13. d5 Ne5 14. Nxe5 Qxe5 15. Re1 Qf6 16. Qd2 Bf5 17. Qf4 h5 18. Qxc7 Rfc8 19. Qxb7 Nc4 20. Qe7 Qd4 21. Rad1 Qb6 22. Na4 Qa5 23. b3 Nb6 24. d6 Rab8 25. Nxb6 Qxb6 26. Bd5 Rc2 27. Qxf7+ Kh8 28. Qf6+ Kh7 29. Re7+ Kh6 30. Qg7+ Kg5 31. h4+ Kg4 32. Rd4+ 1-0


[Site "https://www.chess.com"]

[Event "Titled Tuesday Blitz October 31 Early 2023"]
[White "Kopczynski, Michal"]
[Black "Henriquez Villagra, Cristobal"]
[WhiteFideId "1124200"]
[BlackFideId "3409350"]
[WhiteElo "2477"]
[BlackElo "2902"]
[Result "0-1"]
[Round "1"]
[TimeControl "180+1"]
[Date "2023.10.31"]
[WhiteClock "0:00:08"]
[BlackClock "0:00:19"]
[Board "34"]

1. e4 d6 2. d4 Nf6 3. Nc3 e5 4. dxe5 dxe5 5. Qxd8+ Kxd8 6. Bg5 Be6 7. O-O-O+ Nd7 8. Nd5 Kc8 9. f3 c6 10. Nxf6 gxf6 11. Be3 f5 12. exf5 Bxf5 13. Bc4 Bg6 14. h4 h5 15. Ne2 Bc5 16. Bg5 Re8 17. Ng3 f6 18. Bh6 f5 19. Bd3 e4 20. fxe4 fxe4 21. Be2 Rh8 22. Bg7 Rh7 23. Bd4 Bd6 24. Rh3 Kc7 25. Be3 Rf8 26. c4 Bf4 27. Kd2 Be5 28. Kc2 Nf6 29. b4 Ng4 30. Bxa7 Ra8 31. Bd4 Bxd4 32. Rxd4 Rxa2+ 33. Kb3 Ra1 34. Bxg4 hxg4 35. Rh2 Re7 36. h5 Bh7 37. h6 Rb1+ 38. Kc3 e3 39. Ne2 Re1 40. g3 Rf7 41. Rf4 Rd7 42. Rd4 Re7 43. Rxg4 Rd1 44. Rg7 Rd3+ 45. Kb2 Rd2+ 46. Kc1 Red7 47. Rxd7+ Kxd7 48. g4 Rc2+ 49. Kd1 Rxc4 50. g5 Rg4 51. Rh3 Rxg5 52. Rxe3 Rh5 53. Rg3 Rxh6 54. Rg7+ Kc8 55. Kd2 Rh4 56. Kc3 Be4 57. Nd4 Bd5 58. Nf5 Rc4+ 59. Kd3 Rxb4 60. Ne7+ Kb8 61. Nxd5 cxd5 62. Rd7 d4 63. Rxd4 Rxd4+ 64. Kxd4 Ka7 65. Kc5 Ka6 66. Kc4 Ka5 67. Kb3 Kb5 68. Kc3 Ka4 69. Kb2 Kb4 70. Kc2 Ka3 71. Kb1 Kb3 72. Kc1 Ka2 73. Kc2 b5 74. Kc3 Ka3 75. Kc2 b4 76. Kb1 Kb3 77. Kc1 Ka2 0-1


[Site "https://www.chess.com"]

[Event "Titled Tuesday Blitz October 31 Early 2023"]
[White "Bachmann, Axel"]
[Black "Kunin, Vitaly"]
[WhiteFideId "3700488"]
[BlackFideId "4128737"]
[WhiteElo "2895"]
[BlackElo "2477"]
[Result "1-0"]
[Round "1"]
[TimeControl "180+1"]
[Date "2023.10.31"]
[WhiteClock "0:01:02"]
[BlackClock "0:00:00"]
[Board "35"]

1. b3 d5 2. Bb2 c6 3. e3 Nf6 4. Nf3 Bf5 5. d3 e6 6. Nbd2 h6 7. h3 Bh7 8. g4 Nbd7 9. Rg1 a5 10. a3 a4 11. b4 c5 12. bxc5 Bxc5 13. h4 Bg6 14. h5 Bh7 15. g5 hxg5 16. Nxg5 Qa5 17. Qf3 Rc8 18. h6 Bf8 19. Kd1 Qc7 20. Rc1 Ne5 21. Qf4 Ng6 22. Qxa4+ Qc6 23. Qb3 Bg8 24. hxg7 Bxg7 25. c4 dxc4 26. Nxc4 Ne7 27. Nb6 Ned5 28. Rxc6 1-0


[Site "https://www.chess.com"]

[Event "Titled Tuesday Blitz October 31 Early 2023"]
[White "Martins, Bruno Andre Leite"]
[Black "Kovalev, Vladislav"]
[WhiteFideId "1942255"]
[BlackFideId "13504398"]
[WhiteElo "2477"]
[BlackElo "2879"]
[Result "0-1"]
[Round "1"]
[TimeControl "180+1"]
[Date "2023.10.31"]
[WhiteClock "0:00:51"]
[BlackClock "0:01:35"]
[Board "36"]

1. e4 e5 2. Nf3 Nc6 3. d4 exd4 4. Nxd4 Nf6 5. Nc3 Bb4 6. Nxc6 bxc6 7. Bd3 O-O 8. O-O Re8 9. Qf3 d6 10. h3 Nd7 11. Qg3 Qf6 12. Bg5 Qe6 13. Ne2 f6 14. Bh6 Qe7 15. c3 Bc5 16. Nd4 Ne5 17. Bc2 Kh8 18. Be3 Bd7 19. Rfe1 Bb6 20. Rad1 Rab8 21. Bc1 Qf7 22. Bb3 Qg6 23. Qxg6 Nxg6 24. Kh2 a5 25. Re2 Re7 26. Rde1 Rbe8 27. f3 Ne5 28. Nf5 Bxf5 29. exf5 Nxf3+ 0-1


[Site "https://www.chess.com"]

[Event "Titled Tuesday Blitz October 31 Early 2023"]
[White "Kazakouski, Valery"]
[Black "Rangel, Daniel"]
[WhiteFideId "13507443"]
[BlackFideId "2124475"]
[WhiteElo "2871"]
[BlackElo "2476"]
[Result "1-0"]
[Round "1"]
[TimeControl "180+1"]
[Date "2023.10.31"]
[WhiteClock "0:01:33"]
[BlackClock "0:00:00"]
[Board "37"]

1. Nf3 Nf6 2. c4 e6 3. g3 d5 4. b3 Be7 5. Bg2 O-O 6. O-O a5 7. Nc3 b6 8. Bb2 Ba6 9. d3 c5 10. e4 Bb7 11. exd5 exd5 12. Nh4 Re8 13. Re1 g6 14. Qf3 Nc6 15. Nxd5 Nxd5 16. Qxd5 Bxh4 17. Rxe8+ Qxe8 18. gxh4 Rd8 19. Qg5 Rd6 20. Qh6 f6 21. Bd5+ Kh8 22. Qf4 Qe7 23. Qe4 Qxe4 24. dxe4 Nd8 25. e5 Rd7 26. e6 1-0


[Site "https://www.chess.com"]

[Event "Titled Tuesday Blitz October 31 Early 2023"]
[White "Willy, Stephen"]
[Black "Asadli, Vugar"]
[WhiteFideId "30981468"]
[BlackFideId "13405764"]
[WhiteElo "2475"]
[BlackElo "2869"]
[Result "1-0"]
[Round "1"]
[TimeControl "180+1"]
[Date "2023.10.31"]
[WhiteClock "0:00:52"]
[BlackClock "0:01:19"]
[Board "38"]

1. e4 c5 2. c3 d5 3. exd5 Qxd5 4. d4 Nc6 5. Nf3 Bf5 6. Na3 cxd4 7. Nxd4 Nxd4 8. cxd4 e6 9. Qa4+ Kd8 10. Bd2 Nf6 11. f3 Nd7 12. Bc4 Qxd4 13. O-O-O Ke8 14. Bg5 b5 15. Qxb5 a6 16. Qc6 Qa7 17. Rxd7 Qxd7 1-0


[Site "https://www.chess.com"]

[Event "Titled Tuesday Blitz October 31 Early 2023"]
[White "Svane, Frederik"]
[Black "Hambardzumyan_Yuri"]
[WhiteFideId "12923044"]
[WhiteElo "2864"]
[BlackElo "2474"]
[Result "1-0"]
[Round "1"]
[TimeControl "180+1"]
[Date "2023.10.31"]
[WhiteClock "0:02:00"]
[BlackClock "0:00:57"]
[Board "39"]

1. a3 d5 2. Nf3 Nf6 3. e3 Bg4 4. d4 e6 5. Be2 c5 6. O-O Nc6 7. Nbd2 cxd4 8. exd4 Bd6 9. Re1 O-O 10. c3 Rc8 11. Nf1 a6 12. Ne3 Bh5 13. g3 Ne4 14. Ng2 f5 15. Bf4 h6 16. Bxd6 Qxd6 17. Nf4 Bf7 18. Nd3 Bh5 19. Nfe5 Bxe2 20. Qxe2 Nxe5 21. Nxe5 f4 22. f3 Ng5 23. Kg2 fxg3 24. hxg3 Rf6 25. Rf1 Rcf8 26. Rf2 Nf7 1-0


[Site "https://www.chess.com"]

[Event "Titled Tuesday Blitz October 31 Early 2023"]
[White "kuanysh1981"]
[Black "Lobanov, Sergei"]
[BlackFideId "24183750"]
[WhiteElo "2474"]
[BlackElo "2852"]
[Result "0-1"]
[Round "1"]
[TimeControl "180+1"]
[Date "2023.10.31"]
[WhiteClock "0:00:06"]
[BlackClock "0:00:08"]
[Board "40"]

1. d4 Nf6 2. Nf3 e6 3. g3 d5 4. Bg2 Bd6 5. O-O O-O 6. c4 h6 7. Nc3 Nc6 8. b3 dxc4 9. bxc4 e5 10. d5 Na5 11. Nd2 Nd7 12. Nb5 Nb6 13. Qc2 Bd7 14. a4 Bc5 15. Ne4 Bd4 16. Ba3 Re8 17. d6 Bxb5 18. cxb5 Bxa1 19. dxc7 Qd4 20. Nd6 Nac4 21. Nxe8 Rxe8 22. Bb4 Rc8 23. a5 Nd5 24. Bxd5 Qxd5 25. Rxa1 Qxb5 26. Rb1 Qc6 27. a6 bxa6 28. Rc1 Rxc7 29. Qf5 g6 30. Qh3 Kg7 31. Bd2 h5 32. Qh4 Qd5 33. Bf4 exf4 34. Qxf4 Rc6 35. e4 Qd4 36. h4 Ne5 37. Kg2 Rxc1 38. Qxc1 Qxe4+ 39. Kh3 Qf5+ 40. Kg2 Ng4 41. Qb2+ Qf6 42. Qa2 a5 43. f3 Ne3+ 44. Kf2 Nf5 45. Qxa5 Qd4+ 46. Kg2 Qb2+ 47. Kh3 Ne3 0-1


[Site "https://www.chess.com"]

[Event "Titled Tuesday Blitz October 31 Early 2023"]
[White "Ivic, Velimir"]
[Black "Tikhonov, Viacheslav"]
[WhiteFideId "950122"]
[BlackFideId "44196407"]
[WhiteElo "2850"]
[BlackElo "2473"]
[Result "1-0"]
[Round "1"]
[TimeControl "180+1"]
[Date "2023.10.31"]
[WhiteClock "0:00:18"]
[BlackClock "0:00:13"]
[Board "41"]

1. e4 c5 2. Nf3 g6 3. c4 Nc6 4. d4 cxd4 5. Nxd4 Nf6 6. Nc3 Nxd4 7. Qxd4 d6 8. Be2 Bg7 9. Be3 O-O 10. Qd3 Be6 11. O-O Qa5 12. Rac1 Rfc8 13. b3 a6 14. a4 Nd7 15. Nd5 Bxd5 16. exd5 Nc5 17. Qc2 Qc7 18. b4 Nd7 19. a5 Nf6 20. Rfd1 Qd7 21. h3 e6 22. dxe6 Qxe6 23. Qd3 d5 24. cxd5 Qd6 25. Bc5 Qe5 26. d6 Rd8 27. Bf3 Rd7 28. Re1 Qf4 29. g3 Qf5 30. Qxf5 gxf5 31. Re7 Rb8 32. Rce1 Bf8 33. R7e5 Bxd6 34. Rxf5 Bxc5 35. bxc5 Kg7 36. Rb1 Rc7 37. c6 Ne8 38. Rxb7 Nd6 39. Rxf7+ Kxf7 40. Rxb8 Ke6 41. Rb6 Nc4 42. Rxa6 Kd6 43. Kg2 Kc5 44. Ra8 Kb5 45. a6 Kb6 46. a7 Rxa7 47. Rxa7 Kxa7 48. c7 Nd6 49. Bg4 Kb7 50. c8=Q+ Nxc8 51. Bxc8+ Kxc8 52. Kf3 Kd7 53. Kg4 Ke6 54. Kg5 Kf7 55. Kh6 Kg8 56. f3 Kh8 57. f4 Kg8 58. g4 Kh8 59. Kg5 Kg8 60. Kf6 Kh8 61. Ke7 Kg8 62. f5 Kg7 63. f6+ Kg6 64. f7 h5 65. f8=Q h4 66. Qf5+ Kh6 67. Qh5+ Kg7 68. Qg5+ Kh7 69. Kf7 1-0


[Site "https://www.chess.com"]

[Event "Titled Tuesday Blitz October 31 Early 2023"]
[White "Shishkov, Andrei"]
[Black "Madaminov, Mukhiddin"]
[WhiteFideId "4500563"]
[BlackFideId "14210703"]
[WhiteElo "2471"]
[BlackElo "2844"]
[Result "0-1"]
[Round "1"]
[TimeControl "180+1"]
[Date "2023.10.31"]
[WhiteClock "0:00:54"]
[BlackClock "0:01:00"]
[Board "42"]

1. d4 e6 2. c4 b6 3. e4 Bb4+ 4. Bd2 Bxd2+ 5. Nxd2 d5 6. cxd5 exd5 7. e5 Ne7 8. Ngf3 c5 9. Bd3 O-O 10. O-O Nbc6 11. dxc5 bxc5 12. Rc1 Qb6 13. Qc2 c4 14. Be2 Nb4 15. Qa4 Bf5 16. b3 Ng6 17. bxc4 Nf4 18. Rfe1 Nbd3 19. c5 Qg6 20. g3 Nxe2+ 21. Kf1 Ndxc1 0-1


[Site "https://www.chess.com"]

[Event "Titled Tuesday Blitz October 31 Early 2023"]
[White "Ashraf, Artin"]
[Black "Urbina Perez, Juan Antonio"]
[WhiteFideId "22514805"]
[BlackFideId "2217368"]
[WhiteElo "2843"]
[BlackElo "2471"]
[Result "0-1"]
[Round "1"]
[TimeControl "180+1"]
[Date "2023.10.31"]
[WhiteClock "0:00:24"]
[BlackClock "0:01:04"]
[Board "43"]

1. d4 d5 2. Nf3 Nf6 3. c4 c6 4. Nc3 a6 5. c5 Bf5 6. Qb3 Qc8 7. Nh4 Bg6 8. Bf4 Nbd7 9. f3 e6 10. Nxg6 hxg6 11. e4 dxe4 12. fxe4 Be7 13. e5 Nd5 14. Nxd5 exd5 15. g3 Nf8 16. Bg2 Ne6 17. Qd3 Nxf4 18. gxf4 Bh4+ 19. Kd2 Qf5 20. Qf3 g5 21. fxg5 Bxg5+ 22. Kc3 Qxf3+ 23. Bxf3 Ke7 24. h3 Rh4 25. b4 Rf4 26. Bg4 f6 27. Rae1 Kf8 28. a4 Re8 29. Bd7 Rd8 30. e6 Ke7 31. b5 axb5 32. axb5 Ra8 33. bxc6 bxc6 34. Bxc6 Ra3+ 35. Kb4 Rd3 36. Bd7 Rfxd4+ 37. Kb5 Bf4 38. Kc6 Rc3 39. Kb5 Rdc4 40. c6 Rb3+ 0-1


[Site "https://www.chess.com"]

[Event "Titled Tuesday Blitz October 31 Early 2023"]
[White "Devaev, Alexander"]
[Black "Donchenko, Alexander"]
[WhiteFideId "4169395"]
[BlackFideId "24603295"]
[WhiteElo "2470"]
[BlackElo "2840"]
[Result "0-1"]
[Round "1"]
[TimeControl "180+1"]
[Date "2023.10.31"]
[WhiteClock "0:00:11"]
[BlackClock "0:01:23"]
[Board "44"]

1. Nf3 Nf6 2. c4 e6 3. Nc3 d5 4. cxd5 exd5 5. d4 c6 6. Bg5 Nbd7 7. e3 Bd6 8. Bd3 h6 9. Bh4 O-O 10. O-O Re8 11. Qc2 Qc7 12. Bg3 Bxg3 13. hxg3 Nf8 14. b4 a6 15. a4 Be6 16. Rfc1 Rec8 17. Qb2 Qb6 18. Rab1 Ne8 19. b5 axb5 20. axb5 c5 21. dxc5 Rxc5 22. Nd4 Nd6 23. Qb4 Rac8 24. Nce2 Nc4 25. Nf4 Bd7 26. Nxd5 Rxd5 27. Rxc4 Ra8 28. Rcc1 Ne6 29. Nxe6 Bxe6 30. Bc4 Rf5 31. Bxe6 Qxe6 32. Rb2 Qf6 33. Qd2 Rd8 34. Qe2 Rfd5 35. Qf3 Qxb2 36. Rc7 R5d7 37. Qxb7 Rxc7 38. Qxc7 Qf6 39. b6 Qd6 40. Qb7 Rb8 0-1


[Site "https://www.chess.com"]